 Dungeon Crawl Stone Soup version 0.30-a0-297-g0ec75d9ef4 (webtiles) character file.

Game seed: 4848625865161991741

114 Flugkiller the Conjurer (level 4, 0/36 HPs)
             Began as a Demigod Reaver on Oct 19, 2022.
             Slain by a hound (2 damage)
             ... on level 4 of the Dungeon.
             The game lasted 00:03:22 (2353 turns).

Flugkiller the Conjurer (Demigod Reaver)            Turns: 2353, Time: 00:03:22

Health: 0/36       AC:  6    Str: 19    XL:     4   Next: 41%
Magic:  7/9        EV: 11    Int: 19    God:
Gold:   226        SH:  0    Dex: 12    Spells: 1/7 levels left

rFire   . . .      SeeInvis .    a - +0 falchion
rCold   . . .      Faith    .    (no shield)
rNeg    . . .      Spirit   .    b - +0 leather armour
rPois   .          Reflect  .    j - +2 helmet
rElec   .          Harm     .    (no cloak)
rCorr   .          Rampage  .    (no gloves)
Will    .....                    (no boots)
Stlth   +.........               (no amulet)
HPRegen 0.26/turn                d - +6 ring of strength
MPRegen 0.11/turn                (no ring)

@: lethally poisoned (0 -> -22), attractive
A: high MP 1, forlorn, divine attributes
a: no special abilities


You were on level 4 of the Dungeon.
You visited 1 branch of the dungeon, and saw 4 of its levels.

You collected 226 gold pieces.

Inventory:

Hand Weapons
 a - a +0 falchion (weapon)
 g - a +1 spear of venom
   (You found it on level 3 of the Dungeon)
 r - a +0 arbalest
   (You took it off a hobgoblin on level 3 of the Dungeon)
Armour
 b - a +0 leather armour (worn)
 j - a +2 helmet (worn)
   (You found it on level 2 of the Dungeon)
Magical Staves
 c - a staff of poison
   (You found it on level 2 of the Dungeon)
Jewellery
 d - a +6 ring of strength (left hand)
   (You found it on level 1 of the Dungeon)
 n - a ring of flight
   (You found it on level 3 of the Dungeon)
Scrolls
 e - 2 scrolls of magic mapping
 f - a scroll of vulnerability {unknown}
 k - a scroll of silence {unknown}
 o - a scroll of immolation {unknown}
 q - a scroll of poison {unknown}
 t - a scroll of teleportation
Potions
 h - a potion of invisibility {unknown}
 i - 4 potions of curing {unknown}
 l - a potion of mutation {unknown}
 m - 4 potions of attraction
 p - a potion of brilliance {unknown}


   Skills:
 - Level 2.0 Fighting
 - Level 2.6 Long Blades
 - Level 1.7 Dodging
 - Level 2.0 Spellcasting
 - Level 4.0 Conjurations
 - Level 2.0 Translocations
 + Level 1.1 Ice Magic


You had one spell level left.
You knew the following spells:

 Your Spells              Type           Power      Damage    Failure   Level
a - Kiss of Death         Conj/Necr      36%        2d8       9%          1
b - Momentum Strike       Conj/Tloc      26%        3d8       9%          2
c - Hailstorm             Conj/Ice       11%        3d5       22%         3

Your spell library contained the following spells:

 Spells                   Type           Power      Damage    Failure   Level
 Apportation              Tloc           18%        N/A       9%          1
 Necrotise                Necr           4%         1d4       21%         1
 Summon Small Mammal      Summ           4%         N/A       21%         1


Dungeon Overview and Level Annotations

Branches:
Dungeon (4/15) Zot: 21606
 Temple: D:4-7


Innate Abilities, Weirdness & Mutations

You have an increased reservoir of magic. (+10% MP)
You shall have no god before yourself.
Your divine heritage dramatically boosts your attributes as you level up.


Message History

Search for what [? for help]? armor
(D) Dungeon
Where to? (Enter - D:3, ? - help)
There is a stone staircase leading up here.
There is a stone staircase leading down here.
You climb downwards.
There is a stone staircase leading up here.
Unknown command.
Okay, then.
A dart slug comes into view.
A dart slug is nearby!
A dart slug is nearby!
The dart slug launches a dart at you. The slug dart misses you.
The dart slug launches a dart at you. The slug dart hits you.
The dart slug launches a dart at you. The slug dart hits you.
You hit the dart slug.
The dart slug is moderately wounded.
You hit the dart slug.
The dart slug is severely wounded.
The dart slug bites you but does no damage.
You hit the dart slug.
You kill the dart slug!
No target in view!
No target in view!
HP restored.
Found a stone staircase leading down.
You now have 226 gold pieces (gained 11).
Found a stone staircase leading up.
There is a stone staircase leading up here.
Found a club.
You see here a +0 club.
A hound comes into view.
The hound barks!
You hear a shout!
You closely miss the hound. The hound closely misses you.
The hound barely misses you.
You hit the hound.
The hound is lightly wounded.
The hound bites you but does no damage.
A dart slug comes into view.
The hound bites you.
You barely miss the hound.
The hound is lightly wounded.
The hound bites you. x2
You miss the hound.
The hound is lightly wounded.
The hound pauses to sniff the ground.
The hound barely misses you.
You barely miss the hound.
The hound is lightly wounded.
The hound misses you. The hound bites you.
You hit the hound but do no damage.
The hound is lightly wounded.
The hound closely misses you.
An orc comes into view. It is wielding a +0 dagger of venom.
The hound bites you.
You hit the hound.
The hound is moderately wounded.
The hound bites you but does no damage. The orc closely misses you.
You barely miss the hound.
The hound is moderately wounded.
The hound bites you but does no damage.
The orc hits you with a +0 dagger of venom.
You are poisoned.
The hound bites you.
You slash the hound!
The hound is almost dead.
You feel very sick. The hound barely misses you. The orc barely misses you.
The hound bites you but does no damage.
You are too injured to fight recklessly!
You hit the hound but do no damage.
The hound is severely wounded.
You feel sick. The hound barely misses you.
The orc hits you with a +0 dagger of venom.
You are more poisoned.
The orc hits you but does no damage.
You are lethally poisoned!
The hound barely misses you.
You are too injured to fight recklessly!
Casting: Momentum Strike (safe; 9% risk of failure)
Confirm with . or Enter, or press ? or * to list all spells.
Aiming: Momentum Strike (safe; 9% risk of failure)
Press: ? - help, Dir - move target, f - orc
Aim: an orc, wielding a +0 dagger of venom (71% to hit)
The concentrated momentum misses the orc.
You feel very sick. The hound bites you.
The orc hits you with a +0 dagger of venom.
* * * LOW HITPOINT WARNING * * *
You are more poisoned.
Okay, then.
It was a potion of attraction.
You feel attractive to monsters.
* * * LOW HITPOINT WARNING * * *
You feel very sick. The hound bites you.
You die...

..# #.# ### #.# ..#
#.# #w# #.# .## #h#
#.#
.....#@####.########
#..o.............#
.....##.............#
..## ######.###.#..#
#######.# #.#..#
........###.#..####
#######.....>......
#######...##....###.
#.).........#...# #.


You could see a hound, a dart slug and an orc.

Vanquished Creatures
  An orc priest (D:2)
  A gnoll (D:1)
  2 adders (D:3)
  3 worms
  2 dart slugs
  5 orcs
  9 endoplasms
  3 giant cockroaches
  3 goblins
  3 hobgoblins
  8 kobolds
  2 quokkas (D:2)
  4 ball pythons
  5 bats
  A frilled lizard (D:1)
  9 rats
61 creatures vanquished.

Vanquished Creatures (others)
  2 gnolls (D:2)
  An adder (D:3)
  An orc (D:3)
  A goblin (D:3)
5 creatures vanquished.

Grand Total: 66 creatures vanquished

Notes
Turn   | Place    | Note
-------+----------+-------------------------------------------
     0 | D:1      | Flugkiller the Demigod Reaver began the quest for the Orb.
     0 | D:1      | Reached XP level 1. HP: 17/17 MP: 5/5
    31 | D:1      | Reached skill level 3 in Conjurations
   164 | D:1      | Reached XP level 2. HP: 19/24 MP: 7/7
   182 | D:1      | Learned a level 2 spell: Momentum Strike
   686 | D:2      | Reached XP level 3. HP: 29/29 MP: 8/8
   894 | D:2      | Reached skill level 1 in Translocations
  1548 | D:3      | Reached skill level 4 in Conjurations
  1615 | D:3      | Learned a level 3 spell: Hailstorm
  1668 | D:3      | Reached XP level 4. HP: 36/36 MP: 9/9
  1991 | D:3      | Reached skill level 1 in Ice Magic
  2353 | D:4      | Slain by a hound

Illustrated notes

Levels and vault maps discovered:
D:1:      minmay_arrival_stone_box, layout_rooms
D:2:      kennysheep_big_flooded_room, layout_loops_ring,
          shapermc_ecumenical_altar_pompeii
D:3:      layout_loops_ring, mainiacjoe_overflow_catch_the_wave, st_stairs_7,
          minmay_ruptured
D:4:      layout_loops_ring, chequers_avenue

Skill      XL: |  1  2  3  4 |
---------------+-------------+-----
Conjurations   | 3 4 |  4.0
Spellcasting   | 2 |  2.0
Translocations | 1 2 |  2.0
Fighting       | 2 |  2.0
Ice Magic      | 1 |  1.1
Long Blades    | |  2.6
Dodging        | |  1.7

Action                   |  1- 3 |  4- 6 || total
-------------------------+-------+-------++-------
Melee: Falchion          |   149 |    74 ||   223
       Punch             |     2 |     1 ||     3
 Cast: Momentum Strike   |     7 |     2 ||     9
  Use: Scroll            |     3 |       ||     3
       Potion            |       |     1 ||     1
Armor: Leather armour    |    50 |    31 ||    81
Dodge: Dodged            |    83 |    64 ||   147

Table legend: (Time is in decaauts)
 A = Elapsed time spent in this place.
 B = Non-inter-level travel time spent in this place.
 C = Inter-level travel time spent in this place.
 D = Time resting spent in this place.
 E = Time spent auto-exploring this place.
 F = Levels seen in this place.
 G = Mean time per level.
                   A        B        C        D        E       F      G
               +--------+--------+--------+--------+--------+-----+--------+
         Total |   2393 |   2309 |     84 |    272 |   1339 |   4 |  598.2 |
       Dungeon |   2393 |   2309 |     84 |    272 |   1339 |   4 |  598.2 |
               +--------+--------+--------+--------+--------+-----+--------+

Top non-repeatable levels by time:
     D:2: 868 daAuts
     D:3: 833 daAuts
     D:1: 569 daAuts
     D:4: 121 daAuts
